 Dungeon Crawl Stone Soup version 0.18-a0-455-gc7d4c65 (webtiles) character file.

553 Korkiloff the Stinger (level 7, -1/48 HPs)
             Began as a Vampire Venom Mage on Dec 1, 2015.
             Succumbed to a worker ant's poison
             ... on level 5 of the Dungeon.
             The game lasted 00:35:03 (4350 turns).

Korkiloff the Stinger (Vampire Venom Mage)          Turns: 4350, Time: 00:35:03

Health: -1/48      AC:  8    Str:  7    XL:     7   Next: 8%
Magic:  11/11      EV: 13    Int: 24    God:
Gold:   129        SH:  0    Dex: 15    Spells: 4 memorised, 1 level left

rFire  . . .     SeeInvis +     F - +4 quarterstaff (chaos)
rCold  + . .     Clarity  .     z - +0 leather armour
rNeg   + . .     SustAt   .     (shield currently unavailable)
rPois  .         Gourm    .     i - +2 helmet
rElec  .         Spirit   .     G - +0 cloak
rCorr  .         Dsmss    .     (no gloves)
rMut   .         Stasis   .     B - +0 pair of boots
MR     .....                    (no amulet)
Stlth  +++.......               (no ring)
                                x - ring of protection from cold

@: brilliant, lethally poisoned (-1 -> -16), not resistant to hostile
enchantments, fairly stealthy
A: fangs 3, see invisible, unbreathing
a: Bat Form


You were on level 5 of the Dungeon.
You were not thirsty.

You visited 1 branch of the dungeon, and saw 5 of its levels.

You collected 129 gold pieces.

Inventory:

Hand Weapons
 d - a +1 short sword
 j - a +0 hunting sling of flaming
 l - a +1 vampiric dagger
 q - a +0 short sword
 A - a +0 scythe
 F - a +4 quarterstaff of chaos (weapon)
Missiles
 h - 18 arrows of dispersal
 n - 111 stones (quivered)
Armour
 a - a +0 robe
 g - a +0 leather armour
 i - a +2 helmet (worn)
 z - a +0 leather armour (worn)
 B - a +0 pair of boots (worn)
 C - a +0 large shield
 G - a +0 cloak (worn)
Jewellery
 r - an uncursed amulet of stasis
 x - a ring of protection from cold (left hand)
Wands
 f - a wand of slowing (26)
 w - a wand of polymorph (7)
Scrolls
 c - 3 scrolls of identify
 k - 4 scrolls of immolation {unknown}
 u - a scroll of blinking {unknown}
 v - a scroll of recharging
Potions
 t - a potion of magic
Books
 b - a Young Poisoner's Handbook

   Spells                             Type                      Level
   a - Sting                          Conjuration/Poison           1
   b - Cure Poison                    Poison                       2
   c - Mephitic Cloud                 Conjuration/Poison/Air       3
   d - Olgreb's Toxic Radiance        Poison                       4
   e - Venom Bolt                     Conjuration/Poison           5


   Skills:
 + Level 1.5 Fighting
 + Level 1.2 Short Blades
 + Level 0.4 Staves
 + Level 2.7 Slings
 + Level 1.6 Armour
 + Level 3.7 Dodging
 + Level 4.2 Stealth
 + Level 2.9 Spellcasting
 + Level 0.8 Conjurations
 + Level 0.4 Air Magic
 + Level 4.5 Poison Magic


You had one spell level left.
You knew the following spells:

 Your Spells              Type           Power        Failure   Level  Hunger
a - Sting                 Conj/Pois      ####         1%          1    None
b - Cure Poison           Pois           #####.....   1%          2    ##.....
c - Mephitic Cloud        Conj/Pois/Air  ####....     3%          3    ###....
d - Olgreb's Toxic Radia  Pois           #####...     3%          4    ####...


Dungeon Overview and Level Annotations

Branches:
Dungeon (5/15)
 Temple: D:4-7

Altars:

Annotations:
D:2 Sigmund


Innate Abilities, Weirdness & Mutations

You have razor-sharp teeth.
You have supernaturally acute eyesight.
You can survive without breathing.


Message History

You hit the worker ant but do no damage.
The worker ant is heavily wounded.
* * * LOW HITPOINT WARNING * * *
You feel sick.
The worker ant bites you but does no damage.
You hit the worker ant but do no damage.
The worker ant is heavily wounded.
* * * LOW HITPOINT WARNING * * *
You feel sick.
The worker ant bites you but does no damage.
Drink which item? (? for menu, Esc to quit)
It was a potion of brilliance.
You feel clever all of a sudden.
* * * LOW HITPOINT WARNING * * *
You feel sick. The worker ant bites you.
* * * LOW HITPOINT WARNING * * *
The worker ant bites you but does no damage.
You hit the worker ant.
The worker ant is moving more slowly.
The worker ant is severely wounded.
You die...

## # ... .##.
.... #.... ##....
#.....#####......
#.%....<.........
#.......@......#
.##......a.....#
#........#####
............
###.#####....# #.
%....+ # ##...#
.[.# ....


You could see a worker ant (petrifying).

Vanquished Creatures
  A phantom (D:4)
  An ogre (D:4)
  A scorpion (D:4)
  A crimson imp (D:4)
  Crazy Yiuf (D:2)
  A centaur skeleton (D:4)
  A giant frog skeleton (D:4)
  2 worker ants (D:4)
  Robin (D:2)
  7 adders
  An ooze (D:1)
  4 worms
  An adder skeleton (D:4)
  The ghost of 4thArraOfDagon the Vexing, a weakling FeEn (D:3)
  A giant gecko (D:4)
  3 orcs
  4 giant cockroaches
  8 hobgoblins
  6 kobolds
  2 quokkas (D:4)
  6 bats
  3 giant newts (D:2)
  10 goblins
  5 jackals
  5 rats
  3 fungi (D:2)
80 creatures vanquished.

Notes
Turn   | Place    | Note
--------------------------------------------------------------
     0 | D:1      | Korkiloff the Vampire Venom Mage began the quest for the Orb.
     0 | D:1      | Reached XP level 1. HP: 13/13 MP: 3/3
   161 | D:1      | Reached XP level 2. HP: 11/19 MP: 1/5
   204 | D:1      | Reached skill level 4 in Poison Magic
   765 | D:2      | Reached XP level 3. HP: 24/24 MP: 3/6
   852 | D:2      | Noticed Robin
  1153 | D:2      | Killed Robin
  1153 | D:2      | Reached XP level 4. HP: 9/31 MP: 0/7
  1225 | D:2      | Reached skill level 1 in Armour
  1288 | D:2      | Noticed Sigmund
  1332 | D:2      | HP: 1/31 [poisoned by an adder]
  1336 | D:2      | Learned a level 2 spell: Cure Poison
  2127 | D:3      | Learned a level 3 spell: Mephitic Cloud
  2205 | D:3      | Noticed 4thArraOfDagon's ghost (weakling FeEn)
  2395 | D:3      | Killed 4thArraOfDagon's ghost
  2597 | D:2      | Reached skill level 1 in Short Blades
  2734 | D:2      | Noticed Crazy Yiuf
  2781 | D:2      | Killed Crazy Yiuf
  2781 | D:2      | Reached XP level 5. HP: 36/36 MP: 0/9
  3462 | D:4      | Noticed a phantom
  3636 | D:4      | Killed a phantom
  3636 | D:4      | Reached skill level 1 in Fighting
  3636 | D:4      | Reached skill level 1 in Slings
  3636 | D:4      | Reached XP level 6. HP: 10/43 MP: 10/10
  3642 | D:4      | Learned a level 4 spell: Olgreb's Toxic Radiance
  4223 | D:4      | Reached XP level 7. HP: 39/48 MP: 4/11
  4331 | D:5      | Entered Level 5 of the Dungeon
  4349 | D:5      | HP: 1/48 [worker ant (4)]
  4350 | D:5      | Succumbed to a worker ant's poison

Vault maps used:
D:1:      mrwooster_arrival_arrow, serial_bayou_pond_c, st_stairs_5,
          minmay_misc_feat_pillars
D:2:      uniq_crazy_yiuf_cottage, uniq_sigmund, uniq_robin
D:3:      item_on_display_a
D:4:      first_bread, hangedman_decor_points, minivault_26, abandoned_shop,
          kennysheep_decorative_pillar
D:5:      lemuel_doored_altar, serial_shops, nicolae_shop_behind_doors

Action                   |  1- 3 |  4- 6 |  7- 9 || total
-------------------------+-------+-------+-------++-------
Melee: Short sword       |   114 |    85 |       ||   199
       Unarmed           |     6 |       |       ||     6
       Quarterstaff      |       |    57 |    11 ||    68
       Dagger            |       |    11 |    32 ||    43
 Fire: Hunting sling     |    13 |    74 |       ||    87
 Cast: Sting             |    32 |    39 |     3 ||    74
       Mephitic Cloud    |       |     6 |       ||     6
       Cure Poison       |       |     1 |       ||     1
  Use: Scroll            |     6 |     4 |       ||    10
       Potion            |     4 |     2 |     1 ||     7
 Stab: Sleeping          |       |     8 |       ||     8
       Confused          |       |     1 |       ||     1
  Eat: Corpse            |     7 |     7 |     1 ||    15
